 Seeded DCSS version 0.32-a0-433-g08bcfe7efd (webtiles) character file.

Game seed: 4171520308701544219 (custom seed)

6 greynaab the Trooper (level 1, 0/18 HPs)
             Began as a Mummy Monk on Feb 22, 2024.
             Was a Believer of Makhleb.
             Slain by a quokka (3 damage)
             ... on level 1 of the Dungeon.
             The game lasted 00:00:50 (191 turns).

greynaab the Trooper (Mummy Monk)                    Turns: 191, Time: 00:00:50

Health: 0/18       AC:  2    Str: 14    XL:     1   Next: 75%
Magic:  1/1        EV: 12    Int:  9    God:    Makhleb [**....]
Gold:   16         SH:  0    Dex: 14    Spells: 0/0 levels left

rFire   x . .        a - +0 mace
rCold   + . .        c - orb {light}
rNeg    + + +        b - +0 robe
rPois   ∞            (no helmet)
rElec   .            (no cloak)
rCorr   .            (no gloves)
SInv    .            (no boots)
Will    .....        (no amulet)
Stlth   +            (no ring)
HPRegen 0.23/turn    (no ring)
MPRegen 0.07/turn

%: faith
@: glowing
A: cold resistance 1, negative energy resistance 3, torment resistance 2, heat
vulnerability 1, in touch with death 1, no potions, faith
a: Renounce Religion, Minor Destruction


You were on level 1 of the Dungeon.
You worshipped Makhleb.
Makhleb was pleased with you.
You visited 1 branch of the dungeon, and saw 1 of its levels.

You collected 16 gold pieces.

Inventory:

Hand Weapons
 a - a +0 mace (weapon)
Armour
 b - a +0 robe (worn)
 c - an orb of light (worn)
Scrolls
 d - a scroll of teleportation {unknown}
 e - a scroll of enchant armour {unknown}


   Skills:
 - Level 3.0 Fighting
 * Level 2.7 Maces & Flails
 - Level 2.4 Dodging
 + Level 0.2 Invocations


You couldn't memorise any spells.
You didn't know any spells.
Your spell library was empty.

Dungeon Overview and Level Annotations

Branches:
Dungeon (1/15) Zot: 5802

Altars:
Makhleb


Innate Abilities, Weirdness & Mutations

You are immune to poison.
Your flesh is cold resistant. (rC+)
You are immune to negative energy. (rN+++)
You are immune to unholy pain and torment.
You are vulnerable to heat. (rF-)
You are in touch with the powers of death.
You do not drink.
You have a special connection with the divine. (Faith)


Message History

Found 4 stones.
A quokka comes into view.
The quokka closely misses you.
You hit the quokka but do no damage. The quokka misses you.
The quokka barely misses you.
You barely miss the quokka. The quokka closely misses you.
You hit the quokka.
The quokka is moderately wounded.
The quokka bites you. x2
You barely miss the quokka.
The quokka is moderately wounded.
The quokka closely misses you.
You barely miss the quokka.
The quokka is moderately wounded.
The quokka bites you. x2
You are too injured to fight recklessly!
You are too injured to fight recklessly!
You are too injured to fight recklessly!
You hit the quokka.
The quokka is severely wounded.
The quokka bites you.
You hit the quokka but do no damage.
The quokka is severely wounded.
The quokka barely misses you. The quokka bites you.
You hit the quokka.
The quokka is almost dead.
A quokka comes into view.
The quokka bites you.
The quokka moves out of view.
You hit the quokka.
You kill the quokka!
Makhleb accepts your kill.
You feel better.
You see here a quokka corpse.
A quokka is nearby!
The quokka bites you.
You barely miss the quokka. The quokka barely misses you.
You barely miss the quokka. The quokka misses you. The quokka bites you.
* * * LOW HITPOINT WARNING * * *
You barely miss the quokka. The quokka bites you.
You die...

## #. #. #. .#
#. #.#
###.###.####
.#.#..........#
......r@.#.##.#
##.#.#.#†#(##.#
#...#.##.#
#.....##.##
#.#.......#
#.######..#
#.........#
#.#######.#
..........#


You could see a quokka.

Vanquished Creatures
  2 endoplasms (D:1)
  A quokka (D:1)
  A ball python (D:1)
  A bat (D:1)
  A rat (D:1)
6 creatures vanquished.

Notes
Turn   | Place    | Note
-------+----------+-------------------------------------------
     0 | D:1      | greynaab the Mummy Monk began the quest for the Orb.
     0 | D:1      | Reached XP level 1. HP: 18/18 MP: 1/1
    50 | D:1      | Found a faded altar of an unknown god.
    99 | D:1      | Prayed at the altar of an unknown god.
    99 | D:1      | Became a worshipper of Makhleb the Destroyer
    99 | D:1      | Reached * piety under Makhleb
    99 | D:1      | Reached ** piety under Makhleb
   191 | D:1      | Slain by a quokka

Illustrated notes

Levels and vault maps discovered:
D:1:      eino_arrival_cavern_a, layout_basic, shapermc_ecumenical_altar_pompeii

Action                     || total
---------------------------++-------
  Melee: Mace              ||    23
 Armour: Robe              ||    15
  Dodge: Dodged            ||    14

Table legend: (Time is in decaauts)
 A = Elapsed time spent in this place.
 B = Non-inter-level travel time spent in this place.
 C = Inter-level travel time spent in this place.
 D = Time resting spent in this place.
 E = Time spent auto-exploring this place.
 F = Levels seen in this place.
 G = Mean time per level.
                   A        B        C        D        E       F      G
               +--------+--------+--------+--------+--------+-----+--------+
         Total |    196 |    178 |     18 |      0 |    128 |   1 |  196.0 |
       Dungeon |    196 |    178 |     18 |      0 |    128 |   1 |  196.0 |
               +--------+--------+--------+--------+--------+-----+--------+

Top non-repeatable levels by time:
     D:1: 196 daAuts
